 Dungeon Crawl Stone Soup version 0.21.1-1-g345015fe64 (webtiles) character file.

84 BrokenGlass the Ruffian (level 4, -6/31 HPs)
             Began as an Octopode Fighter on Feb 13, 2018.
             Killed from afar by Sigmund (9 damage)
             ... with a puff of flame
             ... on level 3 of the Dungeon.
             The game lasted 00:01:50 (2175 turns).

BrokenGlass the Ruffian (Octopode Fighter)          Turns: 2175, Time: 00:01:51

Health: -6/31      AC:  1    Str: 16    XL:     4   Next: 45%
Magic:  4/4        EV: 14    Int: 10    God:
Gold:   91         SH:  0    Dex: 11    Spells: 3/3 levels left

rFire    . . .     SeeInvis .     - Unarmed
rCold    . . .     Gourm    .   (no shield)
rNeg     . . .     Faith    .   (helmet restricted)
rPois    .         Spirit   .   (no amulet)
rElec    .         Reflect  .   (no ring)
rCorr    .         Harm     .   (no ring)
MR       .....                  (no ring)
Stlth    ++........             (no ring)
HPRegen  0.10/turn              (no ring)
MPRegen  0.09/turn              (no ring)
                                (no ring)
                                (no ring)

@: no status effects
A: almost no armour, stealthy swim, amphibious, 8 rings, constrict 8, camouflage
1, gelatinous body 1
a: no special abilities


You were on level 3 of the Dungeon.
You were not hungry.

You visited 1 branch of the dungeon, and saw 3 of its levels.

You collected 91 gold pieces.

Inventory:

Missiles
 h - 2 javelins (quivered)
 r - 19 bolts
Armour
 a - a +0 shield
Scrolls
 e - a scroll of fear {unknown}
 f - 2 scrolls of remove curse {unknown}
 g - a scroll of fog {unknown}
 j - 2 scrolls of teleportation {unknown}
 k - a scroll of enchant armour {unknown}
 n - 2 scrolls of identify {unknown}
 q - a scroll of magic mapping {unknown}
Potions
 b - a potion of might
 d - a potion of magic {unknown}
 i - 2 potions of degeneration {unknown}
 l - a potion of lignification {unknown}
 m - a potion of mutation {unknown}
 o - a potion of agility {unknown}
 p - 3 potions of heal wounds {unknown}
Comestibles
 c - 5 rations


   Skills:
 - Level 3.0 Fighting
 - Level 3.0 Dodging
 - Level 3.0 Shields
 + Level 4.5 Unarmed Combat


You had 3 spell levels left.
You didn't know any spells.

Dungeon Overview and Level Annotations

Branches:
Dungeon (3/15)

Altars:
Nemelex Xobeh
Zin

Annotations:
D:3 Sigmund


Innate Abilities, Weirdness & Mutations

You cannot wear most types of armour.
You are very stealthy in the water. (Stealth+)
You are amphibious.
You can wear up to eight rings at the same time.
You can use your tentacles to constrict eight enemies at once.
Your skin changes colour to match your surroundings (Stealth+).
Your rubbery body absorbs attacks. (AC +1, EV +1)


Message History

You are too confused!
You are too confused!
You bump into the rock wall.
You bump into the rock wall.
You bump into the rock wall.
You bump into the rock wall.
You hear some strange, mumbled words.
A puff of flame appears from out of thin air!
The puff of flame hits you!
You bump into the rock wall.
Something hits you!
You bump into the rock wall.
You feel less confused.
A magic dart appears from out of thin air!
The magic dart hits you!
A magic dart appears from out of thin air!
The magic dart hits you!
* * * LOW HITPOINT WARNING * * *
A puff of flame appears from out of thin air!
The puff of flame hits you!
You die...

#.. #.# #.# #.#
#.# #.#
#######.#########
..............@.#
#######.#######.#
#.# #.#
..#######.# #.#
..........#
#.##########
###########
#.#<.......#
#.########.# #.#
###.#####. #.#
#........)


There were no monsters in sight!

Vanquished Creatures
  4 adders (D:2)
  An ooze (D:2)
  2 worms (D:2)
  A leopard gecko (D:1)
  3 giant cockroaches
  2 goblins
  10 hobgoblins
  5 bats (D:1)
  2 frilled lizards
  2 kobolds
  6 rats
38 creatures vanquished.

Notes
Turn   | Place    | Note
-------+----------+-------------------------------------------
     0 | D:1      | BrokenGlass the Octopode Fighter began the quest for the Orb.
     0 | D:1      | Reached XP level 1. HP: 16/16 MP: 1/1
   140 | D:1      | Reached XP level 2. HP: 3/21 MP: 2/2
   489 | D:1      | Reached skill level 3 in Unarmed Combat
   867 | D:2      | Found a sparkling altar of Nemelex Xobeh.
   877 | D:2      | Reached XP level 3. HP: 15/26 MP: 3/3
  1259 | D:2      | Noticed an angel
  1260 | D:2      | Found a glowing silver altar of Zin.
  1353 | D:2      | Reached skill level 4 in Unarmed Combat
  1462 | D:2      | Reached XP level 4. HP: 27/31 MP: 4/4
  2157 | D:3      | Noticed Sigmund
  2175 | D:3      | Killed from afar by Sigmund

Skill      XL: |  1  2  3 |
---------------+----------+-----
Unarmed Combat | 3 4 |  4.5
Fighting       | |  3.0
Dodging        | |  3.0
Shields        | |  3.0

Action                   |  1- 3 |  4- 6 || total
-------------------------+-------+-------++-------
Melee: Unarmed           |    71 |    21 ||    92
       Constrict         |    15 |     2 ||    17
       Tentacles         |    10 |     7 ||    17
       Punch             |     1 |       ||     1
 Stab: Sleeping          |     9 |     1 ||    10
  Eat: Chunk             |     1 |     3 ||     4
Armor: Skin              |     5 |     2 ||     7
Dodge: Dodged            |    48 |    13 ||    61
